AoeStats
← unavezmasak

Arena

510233468Analyzed
1v1 RM · 1d ago on Sep 30, 2026· 32m 46s· 2 players
Game mode
Random Map
Map size
Tiny (2 player)
Population
200
Speed
Normal
Resources
Standard
Victory
Conquest
Starting age
Dark Age
Ending age
Imperial Age
RankedLock teamsTeams togetherTeam positionsShared explorationLock speedFull tech treeHidden civsTurbo modeCheats
Victory
Defeat
🇭🇰 Wu · Hong Kong SAR China
851
+15
🇦🇷 Celts · Argentina
830
-15
unavezmasak
8:57 Feudal Age
9:23 Double-Bit Axe
17:14 Castle Age
15:03 Horse Collar
18:17 Bow Saw
18:45 Pikeman
20:05 Heavy Plow
21:24 Forging
22:53 Wheelbarrow
24:02 Gold Mining
26:59 Gold Shaft Mining
33:40 Imperial Age
Starlight
0:26 Loom
12:57 Feudal Age
14:43 Wheelbarrow
17:27 Castle Age
15:56 Double-Bit Axe
16:15 Horse Collar
16:32 Gold Mining
16:40 Stone Mining
18:58 Bow Saw
20:29 Heavy Plow
20:33 Fletching
26:59 Gold Shaft Mining
28:39 Bodkin Arrow
32:32 Squires
Connection lost

Rejoining the realm…

Still unreachable

The connection could not be restored.

Session expired

The server has moved on; the page needs a fresh start.